 Dungeon Crawl Stone Soup version 0.19-a0-1007-g133f65f (webtiles) character file.

8607 mistymad the Fighter (level 11, -20/92 HPs)
             Began as a Formicid Abyssal Knight on July 19, 2016.
             Was a High Priest of Lugonu.
             Demolished by a hill giant
             ... wielding a +0 giant club
              (24 damage)
             ... on level 10 of the Dungeon.
             The game lasted 00:25:43 (12793 turns).

mistymad the Fighter (Formicid Abyssal Knight)     Turns: 12793, Time: 00:25:43

Health: -20/92     AC: 15    Str: 23    XL:     11   Next: 59%
Magic:  22/25      EV: 10    Int: 13    God:    Lugonu [*****.]
Gold:   669        SH:  0    Dex: 10    Spells: 0 memorised, 10 levels left

rFire  + . .     SeeInvis +     P - +3 battleaxe (elec)
rCold  . . .     Gourm    .     N - +3 scale mail {rF+}
rNeg   . . .     Faith    .     (no shield)
rPois  .         Spirit   .     (helmet unavailable)
rElec  .         Dismiss  +     (no cloak)
rCorr  +         Reflect  .     p - +2 pair of gloves
SustAt .         Harm     .     (no boots)
MR     +....                    s - amulet of dismissal
Stlth  +.........               k - ring "Jomusevu" {rCorr MP+9 Str+4}
                                z - ring of stealth

@: somewhat resistant to hostile enchantments, very unstealthy
A: permanent stasis, dig shafts and tunnels, four strong arms, antennae 3
a: Dig, Shaft Self, Depart the Abyss, Bend Space, Banish, Corrupt, Enter the
Abyss, Renounce Religion


You were on level 10 of the Dungeon.
You worshipped Lugonu.
Lugonu was extremely pleased with you.
You were not hungry.

You visited 2 branches of the dungeon, and saw 11 of its levels.
You visited the Abyss 1 time.
You also visited: Sewer and Ossuary.

You collected 939 gold pieces.
You spent 270 gold pieces at shops.

Inventory:

Hand Weapons
 t - the +4 war axe of Ucogeh {vamp, rElec}
   (You found it on level 7 of the Dungeon)

   It inflicts no extra harm, but heals its wielder somewhat when it strikes a
   living foe.
   It insulates you from electricity.
 x - a +5 hand axe of chopping
 y - the +4 morningstar "Qimoar" {crush, +Rage MR+}
   (You found it on level 8 of the Dungeon)

   It inflicts extra damage upon your enemies.
   It affects your resistance to hostile enchantments.
   It lets you go berserk.
 P - a +3 battleaxe of electrocution (weapon)
Missiles
 n - 2 javelins (quivered)
Armour
 p - a +2 pair of gloves (worn)
 N - a +3 scale mail of fire resistance (worn)
Jewellery
 b - an uncursed ring of ice
 k - the ring "Jomusevu" (right hand) {rCorr MP+9 Str+4}
   (You found it on level 8 of the Dungeon)

   [ring of resist corrosion]

   It affects your strength (+4).
   It affects your magic capacity (+9).
 s - an amulet of dismissal (around neck)
 z - a ring of stealth (left hand)
Wands
 h - a wand of flame (8/48)
 E - a wand of flame (34/48)
 G - a wand of confusion (24/48)
 H - a wand of acid (8/15)
Scrolls
 d - 3 scrolls of enchant armour
 f - 3 scrolls of recharging
 o - 9 scrolls of remove curse
 D - a scroll of fog
 F - a scroll of summoning
Potions
 e - 2 potions of lignification
 g - 5 potions of curing
 l - 6 potions of brilliance
 m - 4 potions of heal wounds
 r - 3 potions of flight
 v - 2 potions of cure mutation {unknown}
 C - 3 potions of might {unknown}
 I - a potion of ambrosia {unknown}
 J - 2 potions of mutation {unknown}
 K - a potion of agility {unknown}
 L - a potion of berserk rage {unknown}
 M - a potion of invisibility {unknown}
Books
 j - a book of Callings

   Spells                             Type                      Level
   a - Summon Small Mammal            Summoning                    1
   b - Call Imp                       Summoning                    2
   c - Call Canine Familiar           Summoning                    3
   d - Summon Guardian Golem          Hexes/Summoning              3
   e - Summon Lightning Spire         Summoning/Air                4
   f - Summon Ice Beast               Ice/Summoning                4
Comestibles
 c - 5 bread rations
 i - 8 slices of pizza
 q - a royal jelly
 u - 27 fruits
 w - 7 meat rations
 B - 9 beef jerkies


   Skills:
 + Level 10.9 Fighting
 + Level 9.5 Axes
 + Level 10.6 Armour
 - Level 1.0 Dodging
 - Level 7.2 Invocations


You had 10 spell levels left.
You didn't know any spells.

Dungeon Overview and Level Annotations

Branches:
Dungeon (10/15)            Temple (1/1) D:7            Lair (0/6) D:10
    Orc (0/2) D:10

Altars:
Ashenzari
Cheibriados
Dithmenos
Elyvilon
Fedhas
Gozag
Hepliaklqana
Kikubaaqudgha
Makhleb
Nemelex Xobeh
Okawaru
Pakellas
Qazlal
Ru
Sif Muna
Trog
Uskayaw
Vehumet
Xom
Yredelemnul
Zin
The Shining One

Shops:
D:6 [*(   D:7 }   D:8 }


Innate Abilities, Weirdness & Mutations

You are under a permanent stasis effect.
You can dig through walls and to a lower floor.
Your four strong arms can wield two-handed weapons with a shield.
You have a pair of large antennae on your head. (SInv)


Message History

The hill giant hits you with a giant club!!
You take 31 damage, and have 29/92 hp.
MASSIVE DAMAGE!!
Unknown command.
You slash the hill giant!
The hill giant is severely wounded.
The hill giant barely misses you.
Unknown command.
Your scale mail prevents you from hitting the hill giant.
The hill giant is severely wounded.
Unknown command.
You barely miss the hill giant.
The hill giant is severely wounded.
The hill giant hits you with a giant club!!
* * * LOW HITPOINT WARNING * * *
You take 27 damage, and have 3/92 hp.
MASSIVE DAMAGE!!
Unknown command.
You hit the hill giant.
The hill giant is severely wounded.
The hill giant hits you with a giant club!!
You die...

#..######..## #.#
#.....##..## #!#
##........## #...
##........## #...
#.........# #...
########..###
#..≈ ### #..##.#
#...
##..###..#)##
#..≈ #.....#C@)##
## ##.≈
#.......#####.##
##......###....##
#......#.......#
#..............#
###.............
##............
#............
#............


You could see a hill giant.

Vanquished Creatures
  A hydra (D:8)
  Pikel (D:9)
  2 hill giants
  An ugly thing (D:8)
  6 yaks
  A hungry ghost (D:8)
  A hippogriff (D:9)
  Menkaure (D:7)
  A water moccasin (D:7)
  2 hell hounds (D:10)
  An orc warrior (D:6)
  A phantom (D:6)
  2 ice beasts
  A sky beast (D:10)
  3 slaves (D:9)
  2 black bears
  2 eyes of draining
  A wasp (D:9)
  7 ogres
  4 centaurs
  4 big kobolds (D:8)
  4 giant frogs
  A wyvern zombie (D:9)
  2 scorpions
  5 howler monkeys
  2 jellies
  8 crimson imps
  2 giant frog zombies
  A centaur zombie (D:5)
  A hound (D:6)
  2 quasits
  10 orc priests
  A centaur skeleton (D:5)
  2 giant frog skeletons
  12 orc wizards
  3 iguanas
  7 worker ants
  2 sheep (D:8)
  2 hound zombies
  8 mummies (Ossuary)
  A howler monkey skeleton (D:4)
  9 adders
  2 river rats (Sewer)
  3 shadow imps
  An ooze (D:2)
  An adder zombie (D:5)
  2 adder skeletons
  2 worms (D:2)
  3 dart slugs
  8 giant geckos
  34 orcs
  5 ball pythons
  3 giant cockroaches
  A gnoll zombie (Ossuary)
  8 goblins
  4 hobgoblins
  13 jackals
  3 quokkas
  5 bats
  16 giant newts
  3 hobgoblin zombies (Ossuary)
  8 kobolds
  2 kobold zombies (Ossuary)
  2 orc zombies (Ossuary)
  14 rats
273 creatures vanquished.

Vanquished Creatures (collateral kills)
  3 jackals (D:6)
3 creatures vanquished.

Vanquished Creatures (others)
  A slave (D:9)
  2 orc priests (D:9)
  An orc (D:9)
  3 plants (D:8)
7 creatures vanquished.

Grand Total: 283 creatures vanquished

Notes
Turn   | Place    | Note
-------+----------+-------------------------------------------
     0 | Abyss:1  | mistymad the Formicid Abyssal Knight began the quest for the Orb.
     0 | Abyss:1  | Reached XP level 1. HP: 18/18 MP: 2/2
    31 | Abyss:1  | Noticed a wretched star
    33 | D:1      | Escaped the Abyss
    34 | D:1      | Reached skill level 1 in Dodging
    38 | D:1      | Reached * piety under Lugonu
   237 | D:1      | Reached XP level 2. HP: 24/24 MP: 3/3
   681 | D:1      | Reached XP level 3. HP: 25/30 MP: 4/4
   927 | D:2      | Reached ** piety under Lugonu
  1395 | D:2      | Reached XP level 4. HP: 32/37 MP: 5/5
  2508 | D:3      | Reached XP level 5. HP: 27/42 MP: 6/6
  3170 | D:4      | Found an ancient bone altar of Kikubaaqudgha.
  3614 | D:4      | Reached XP level 6. HP: 18/50 MP: 7/7
  3615 | D:4      | Reached skill level 5 in Fighting
  4044 | D:4      | Reached *** piety under Lugonu
  4103 | D:4      | Found a shimmering altar of Xom.
  4175 | D:4      | Noticed an ogre
  4181 | D:4      | Killed an ogre
  4293 | D:4      | Found a shimmering altar of Xom.
  4295 | D:4      | Found a shimmering altar of Xom.
  4295 | D:4      | Found a shimmering altar of Xom.
  4296 | D:4      | Found a shimmering altar of Xom.
  4301 | D:4      | Found a shimmering altar of Xom.
  4302 | D:4      | Found a shimmering altar of Xom.
  4303 | D:4      | Found a shimmering altar of Xom.
  4396 | D:5      | Entered Level 5 of the Dungeon
  4411 | D:5      | Found an opulent altar of Gozag.
  4424 | D:5      | Reached skill level 5 in Armour
  4424 | D:5      | Reached XP level 7. HP: 48/56 MP: 8/8
  4557 | D:5      | Found a glowing drain.
  4672 | Sewer    | Entered a sewer
  5435 | D:5      | Reached XP level 8. HP: 55/64 MP: 9/9
  5475 | D:5      | Reached skill level 5 in Axes
  6116 | D:6      | Found a sand-covered staircase.
  6121 | Ossuary  | Entered an ossuary
  6134 | Ossuary  | Reached **** piety under Lugonu
  6754 | D:6      | Found Teit Haz's Antique Armour Emporium.
  6757 | D:6      | Bought a runed scale mail for 108 gold pieces
  6998 | D:6      | Found Anoufesi's General Store.
  7055 | D:6      | Found a burning altar of Makhleb.
  7140 | D:6      | Reached XP level 9. HP: 68/72 MP: 10/10
  7368 | D:6      | Found Deqeneuni's Antique Weapon Shop.
  7371 | D:6      | Bought a glowing battleaxe for 162 gold pieces
  7737 | D:6      | Reached ***** piety under Lugonu
  7791 | D:7      | Noticed Menkaure
  8015 | D:7      | Found a deep blue altar of Sif Muna.
  8200 | D:7      | Identified Sif Muna's Tome of Enchantment (You found it on level 7 of the Dungeon)
  9066 | D:7      | Killed Menkaure
  9268 | D:7      | Found a staircase to the Ecumenical Temple.
  9309 | D:7      | Found Quag's Gadget Shoppe.
  9427 | D:7      | Got an ancient war axe
  9433 | D:7      | Identified the +4 war axe of Ucogeh {vamp, rElec} (You found it on level 7 of the Dungeon)
  9529 | Temple   | Entered the Ecumenical Temple
  9575 | D:8      | Noticed a red ugly thing
  9578 | D:8      | Noticed a hill giant
  9838 | D:8      | Killed a hill giant
  9838 | D:8      | Reached XP level 10. HP: 79/83 MP: 12/12
  9879 | D:8      | Got a twitching glass ring
  9881 | D:8      | Got an ichor-stained morningstar
 10171 | D:8      | Found a glowing golden altar of the Shining One.
 10320 | D:8      | Found Voomp's Gadget Shoppe.
 10446 | D:8      | Identified the ring "Jomusevu" {rCorr MP+9 Str+4} (You found it on level 8 of the Dungeon)
 10544 | D:8      | Killed a red ugly thing
 10579 | D:8      | Reached skill level 5 in Invocations
 10709 | D:8      | Noticed a three-headed hydra
 10713 | D:8      | Identified the +4 morningstar "Qimoar" {crush, +Rage MR+} (You found it on level 8 of the Dungeon)
 10716 | D:8      | Killed a three-headed hydra
 11040 | D:9      | Found a sparkling altar of Nemelex Xobeh.
 11103 | D:9      | Reached skill level 10 in Fighting
 11103 | D:9      | Reached XP level 11. HP: 85/90 MP: 15/15
 11116 | D:9      | Reached skill level 10 in Armour
 11396 | D:9      | Noticed Pikel
 11577 | D:9      | Killed Pikel
 11800 | D:9      | Got a distressingly furry scale mail
 11819 | D:9      | Identified the +2 scale mail of the Fiddle {rC- MR+ Int+3 Dex+3} (You found it on level 9 of the Dungeon)
 12170 | D:10     | Entered Level 10 of the Dungeon
 12263 | D:10     | Found a staircase to the Orcish Mines.
 12382 | D:10     | Found a staircase to the Lair.
 12459 | D:10     | Noticed a hill giant
 12498 | D:10     | Killed a hill giant
 12783 | D:10     | Noticed a hill giant
 12792 | D:10     | HP: 3/92 [hill giant/giant club (27)]
 12793 | D:10     | Demolished by a hill giant

Vault maps used:
D:1:      dpeg_arrival_prison
D:2:      dk_vineyard_2
D:3:      serial_corexii_hall, corexii_hall_statues_i, corexii_hall_statues_i,
          corexii_hall_statues_s, corexii_hall_statues_l
D:4:      old_standard_altar, lemuel_crystal_altar, xom_redecorated
D:5:      kennysheep_mini_moat, first_bread, gup_sewer_entry_bowl
D:6:      lemuel_doored_altar, nicolae_ossuary_entry_plus, serial_shops,
          nicolae_shop_window_shopping, nicolae_shop_behind_doors, shop,
          minmay_checkerbox
D:7:      led_sif_book, serial_shops, kennysheep_mini, uniq_menkaure
D:8:      lemuel_crystal_altar, serial_shops, shop, hangedman_ranch,
          minmay_radiant
D:9:      nemelex_xobeh_ov_fountains_minmay, minmay_crystal_water, uniq_pikel
D:10:     minmay_lair_entry_lava
Temple:   nicolae_temple_no_exploring_needed
Sewer:    sewer_co_cracked_pipes
Ossuary:  ossuary_tomb_3

Skill      XL: |  1  2  3  4  5  6  7  8  9 10 11 |
---------------+----------------------------------+-----
Dodging        | 1 |  1.0
Armour         | 3 4 5 7 8 9 10 | 10.6
Fighting       | 4 5 6 7 9 10 | 10.9
Axes           | 3 4 6 7 8 9 |  9.5
Invocations    | 3 5 7 |  7.2

Action                   |  1- 3 |  4- 6 |  7- 9 | 10-12 || total
-------------------------+-------+-------+-------+-------++-------
Melee: Hand axe          |   114 |   146 |   259 |       ||   519
       Battleaxe         |       |       |    81 |   203 ||   284
       War axe           |       |       |    36 |   135 ||   171
       Morningstar       |       |       |       |     3 ||     3
Invok: Depart the Abyss  |     1 |       |       |       ||     1
 Abil: Dig               |       |     2 |     3 |     7 ||    12
  Use: Scroll            |       |     1 |    19 |     2 ||    22
       Potion            |       |       |     1 |       ||     1
  Eat: Chunk             |     1 |    11 |    12 |    15 ||    39
       Fruit             |       |       |     5 |       ||     5
       Bread ration      |       |       |     1 |       ||     1
Armor: Ring mail         |    42 |    36 |       |       ||    78
       Leather armour    |     2 |       |       |       ||     2
       Scale mail        |       |    30 |   128 |   159 ||   317
       Chain mail        |       |       |   125 |       ||   125
Dodge: Dodged            |    68 |    83 |   173 |   160 ||   484
